 Dungeon Crawl Stone Soup version 0.23-a0-489-g205b0b61ae (webtiles) character file.

7562 Flugkiller the Nimble (level 11, -2/64 HPs)
             Began as an Octopode Chaos Knight on Dec 2, 2018.
             Was a Plaything of Xom.
             Slain by a spark wasp (28 damage)
             ... on level 10 of the Dungeon.
             The game lasted 00:27:13 (12752 turns).

Flugkiller the Nimble (Octopode Chaos Knight)      Turns: 12752, Time: 00:27:15

Health: -2/64      AC:  3    Str: 13    XL:     11   Next: 17%
Magic:  11/11      EV: 17    Int: 15    God:    Xom [....*.]
Gold:   541        SH: 13    Dex: 15    Spells: 10/10 levels left

rFire    . . .     SeeInvis +   a - +1 spear (chaos)
rCold    + . .     Gourm    .   p - +0 large shield
rNeg     . . .     Faith    .   (helmet restricted)
rPois    .         Spirit   .   w - amulet of regeneration
rElec    .         Reflect  .   y - ring of protection from magic
rCorr    .         Harm     .   m - ring of see invisible
MR       +....                  x - +4 ring of strength
Stlth    ++++......             C - ring of flight
HPRegen  0.60/turn              D - +2 ring of dexterity (curse)
MPRegen  0.12/turn              l - ring of protection from cold
                                (no ring)
                                (no ring)

@: no status effects
A: almost no armour, stealthy swim, amphibious, 8 rings, constrict 8, thin
metallic scales 1, camouflage 1, clumsy 1, frail 1, weak 1, gelatinous body 1
a: Renounce Religion, Evoke Flight


You were on level 10 of the Dungeon.
You worshipped Xom.
You were a beloved toy of Xom.
You were not hungry.

You visited 1 branch of the dungeon, and saw 11 of its levels.
You also visited: Sewer.

You collected 541 gold pieces.

Inventory:

Hand Weapons
 a - a +1 spear of chaos (weapon)
 z - a +0 trident
   (You took it off an orc on level 6 of the Dungeon)
Missiles
 A - 4 throwing nets (quivered)
Armour
 p - a +0 large shield (worn)
   (You took it off an orc on level 9 of the Dungeon)
 v - a +0 buckler
   (You found it on level 7 of the Dungeon)
Jewellery
 l - a ring of protection from cold (on tentacle)
   (You took it off an orc on level 8 of the Dungeon)
 m - a ring of see invisible (right tentacle)
   (You found it on level 3 of the Dungeon)
 w - an amulet of regeneration (around mantle)
   (You found it on level 5 of the Dungeon)
 x - a +4 ring of strength (on tentacle)
   (You found it on level 5 of the Dungeon)
 y - a ring of protection from magic (left tentacle)
   (You found it on level 5 of the Dungeon)
 C - a ring of flight (on tentacle)
   (You found it on level 7 of the Dungeon)
 D - a cursed +2 ring of dexterity (on tentacle)
   (You found it on level 7 of the Dungeon)
Wands
 F - a wand of scattershot (5)
   (Xom gifted it to you on level 10 of the Dungeon)
 G - a wand of enslavement (7)
   (You found it on level 9 of the Dungeon)
Scrolls
 f - a scroll of enchant weapon
 h - 2 scrolls of remove curse
 i - a scroll of immolation {unknown}
 s - a scroll of fear
 t - 3 scrolls of enchant armour
 H - a scroll of magic mapping
Potions
 c - a potion of berserk rage
 d - 3 potions of mutation
 e - 2 potions of brilliance
 g - a potion of cancellation
 j - 5 potions of curing
 k - 4 potions of flight
 n - 2 potions of might
 q - 2 potions of magic
 r - a potion of heal wounds
 u - 2 potions of ambrosia
 B - a potion of agility
 E - a potion of lignification
Comestibles
 b - 12 rations
 o - 4 chunks of flesh


   Skills:
 - Level 6.0 Fighting
 + Level 10.4 Polearms
 + Level 11.1 Dodging
 - Level 4.1 Stealth
 + Level 5.4 Shields
 + Level 0.0 Evocations


You had 10 spell levels left.
You didn't know any spells.
Your spell library contained the following spells:

 Spells                   Type           Power        Failure   Level  Hunger
 Freeze                   Ice            #...         98%         1    ##.....
 Throw Frost              Conj/Ice       #.....       99%         2    ###....
 Ozocubu's Armour         Chrm/Ice       #.......     100%        3    ####...
 Summon Ice Beast         Ice/Summ       #.......     100%        4    #####..
 Throw Icicle             Conj/Ice       #.......     100%        4    #####..


Dungeon Overview and Level Annotations

Branches:
Dungeon (11/15)            Temple (0/1) D:6            Lair (0/6) D:11
    Orc: D:9-12

Altars:
Dithmenos
Fedhas
Hepliaklqana
Kikubaaqudgha
Nemelex Xobeh
Qazlal
Sif Muna
Xom
Zin

Shops:
D:5 (   D:9 [

Annotations:
D:11 Urug


Innate Abilities, Weirdness & Mutations

You cannot wear most types of armour.
You are very stealthy in the water. (Stealth+)
You are amphibious.
You can wear up to eight rings at the same time.
You can use your tentacles to constrict eight enemies at once.
Your skin changes colour to match your surroundings (Stealth+).
Your rubbery body absorbs attacks. (AC +1, EV +1)
You are partially covered in thin metallic scales. (AC +2)
You are clumsy. (Dex -2)
You are frail. (-10% HP)
You are weak. (Str -2)


Message History

Press: ? - help, Dir - move target cursor, f - crimson imp
Aim: a crimson imp (hasn't noticed you)
You reach to attack!
The crimson imp shouts!
You hit the crimson imp.
You hear strange and distant voices.
The crimson imp is moderately wounded.
The crimson imp blinks!
The crimson imp blinks!
No target in view!
No target in view!
The spark wasp is too close now for your liking.
Attack whom?
Press: ? - help, Dir - move target cursor, f/p - crimson imp
Aim: a crimson imp You reach to attack!
The spark wasp buzzes angrily.
You puncture the crimson imp!
Multicoloured lights dance around the crimson imp!
The crimson imp is severely wounded.
You hit the crimson imp.
You kill the crimson imp!
Evoke which item? (* to show all) (? for menu, Esc to quit)
Aiming: Scattershot
Press: ? - help, Shift-Dir - straight line, f - spark wasp
Aim: a spark wasp The burst of metal fragments hits the spark wasp. x2
The spark wasp is lightly wounded.
The spark wasp stings you!!
A shower of butterflies erupts from you!
The spark wasp shocks you!
* * * LOW HITPOINT WARNING * * *
Evoke which item? (* to show all) (? for menu, Esc to quit)
Aiming: Scattershot
Press: ? - help, Shift-Dir - straight line, f/p - spark wasp
Aim: a spark wasp (lightly wounded) Really scattershot near your butterfly?
Okay, then.
Evoke which item? (* to show all) (? for menu, Esc to quit)
Aiming: Scattershot
Press: ? - help, Shift-Dir - straight line, f/p - spark wasp
Aim: a spark wasp (lightly wounded) Really scattershot near your butterfly?
The burst of metal fragments hits the spark wasp.
The burst of metal fragments hits your butterfly.
You kill your butterfly!
The spark wasp is lightly wounded.
The spark wasp stings you!!
You die...
Xom chortles!

.......## ##..................
.###....###
##..................> ##
###)...###.................)..
# ###.........................
# ##.............)..........
###.........##...........
##............#######.. #
#.....y.b....# ##. #
##..b.@?.....## #. ##
###............# #.
.########.....###......# ..
..##....)....## ####...# #..
.............# ?..# #.#
#.....<......# ...#
#............# ..
#.........#.......
..........#......#


You could see a spark wasp.

Vanquished Creatures
  Harold (D:7)
  A two-headed ogre (D:9)
  Pikel (D:7)
  A hornet (D:8)
  2 hippogriffs
  3 yaks
  A wyvern (D:9)
  Duvessa (D:7)
  A black bear (D:7)
  Purgy (D:3)
  5 ice beasts
  2 orc warriors
  3 phantoms
  4 slaves
  2 ogres
  A necrophage (D:10)
  3 centaurs
  A big kobold (D:6)
  6 bullfrogs
  A scorpion (D:7)
  Dowan (D:7)
  4 killer bees (D:7)
  5 wights (D:9)
  3 howler monkeys
  2 crimson imps
  A bullfrog zombie (D:4)
  2 quasits (D:8)
  3 centaur zombies
  A jelly (D:8)
  6 orc priests
  4 centaur skeletons
  5 hounds
  3 bullfrog skeletons
  Terence (D:3)
  An iguana (D:9)
  5 worker ants
  3 hound skeletons
  3 worker ant zombies
  Robin (D:4)
  6 gnolls (D:7)
  A howler monkey skeleton (D:9)
  16 adders
  A river rat (D:3)
  5 shadow imps
  4 oozes
  An adder skeleton (D:8)
  3 adder zombies
  5 worms
  A dart slug (D:3)
  5 leopard geckos
  28 orcs
  5 ball pythons
  12 giant cockroaches
  16 goblins
  9 hobgoblins
  9 jackals
  7 quokkas
  A ball python zombie (D:4)
  9 bats
  A frilled lizard (D:2)
  A jackal zombie (D:4)
  17 kobolds
  2 leopard gecko zombies (D:4)
  A quokka skeleton (D:4)
  2 quokka zombies (D:4)
  7 rats
  5 plants (Sewer)
275 creatures vanquished.

Vanquished Creatures (collateral kills)
  A two-headed ogre (D:8)
  A goblin (D:4)
  A hobgoblin (D:4)
3 creatures vanquished.

Vanquished Creatures (others)
  An ice beast (D:7)
  A plant (Sewer)
2 creatures vanquished.

Grand Total: 280 creatures vanquished

Notes
Turn   | Place    | Note
-------+----------+-------------------------------------------
     0 | D:1      | Flugkiller the Octopode Chaos Knight began the quest for
                  | the Orb.
     0 | D:1      | Reached XP level 1. HP: 16/16 MP: 1/1
    22 | D:1      | XOM: silly message
    75 | D:1      | XOM: potion effect (agility)
   100 | D:1      | Reached XP level 2. HP: 10/21 MP: 2/2
   410 | D:1      | XOM: divination: detect creatures
   520 | D:1      | XOM: silly message
   531 | D:1      | XOM: harmless Hex miscast
   580 | D:2      | Reached XP level 3. HP: 14/26 MP: 3/3
   695 | D:2      | XOM: harmless Chrm miscast
  1032 | D:2      | XOM: divination: detect creatures
  1419 | D:2      | XOM: divination: magic mapping
  1529 | D:2      | XOM: mild Ice miscast
  1604 | D:2      | Reached XP level 4. HP: 28/31 MP: 4/4
  1655 | D:2      | Found a deep blue altar of Sif Muna.
  1749 | D:2      | XOM: polymorph kobold -> bat
  1762 | D:2      | Found a hazy altar of Hepliaklqana.
  1762 | D:2      | Found a faded altar of an unknown god.
  1762 | D:2      | XOM: 4-stop teleportation journey
  1776 | D:2      | Reached skill level 5 in Polearms
  2089 | D:2      | Found a blossoming altar of Fedhas.
  2102 | D:2      | Found a faded altar of an unknown god.
  2103 | D:2      | Found a sparkling altar of Nemelex Xobeh.
  2105 | D:2      | XOM: summons friendly ufetubus
  2106 | D:2      | Reached skill level 1 in Stealth
  2277 | D:3      | Reached XP level 5. HP: 35/36 MP: 5/5
  2323 | D:3      | XOM: harmless Tloc miscast
  2338 | D:3      | Reached skill level 3 in Dodging
  2346 | D:3      | Found a glowing drain.
  2350 | Sewer    | Entered a sewer
  2785 | Sewer    | XOM: medium Tmut miscast
  3630 | D:3      | Noticed Terence
  3644 | D:3      | Reached XP level 6. HP: 34/42 MP: 6/6
  3742 | D:3      | Killed Terence
  3799 | D:3      | XOM: 1-stop teleportation journey
  3800 | D:3      | Noticed Purgy
  3836 | D:3      | XOM: enchant monster (good)
  3842 | D:3      | XOM: confuse monster(s)
  4024 | D:3      | You fall through a shaft for 2 floors!
  4024 | D:5      | Entered Level 5 of the Dungeon
  4036 | D:5      | Noticed an ice beast
  4036 | D:5      | XOM: 1-stop teleportation journey
  4039 | D:5      | XOM: enchant monster (good)
  4042 | D:5      | XOM: butterfly on damage
  4043 | D:5      | XOM: fake destruction
  4053 | D:5      | Killed an ice beast
  4053 | D:5      | Reached skill level 4 in Dodging
  4303 | D:4      | Noticed a phantom
  4317 | D:4      | XOM: polymorph hound -> ooze
  4357 | D:4      | Found an ancient bone altar of Kikubaaqudgha.
  4358 | D:4      | Found a glowing silver altar of Zin.
  4590 | D:3      | XOM: swap monsters
  4653 | D:3      | XOM: cast spell 'Statue Form'
  4662 | D:3      | Killed Purgy
  4662 | D:3      | Reached skill level 5 in Dodging
  4662 | D:3      | Reached XP level 7. HP: 47/47 MP: 7/7
  4866 | D:3      | XOM: god gift: 38 gold pieces
  4924 | D:3      | XOM: give mutations
  4924 | D:3      | Gained mutation: You are frail. (-10% HP) [Xom's mischief]
  4924 | D:3      | Gained mutation: You are partially covered in thin metallic
                  | scales. (AC +2) [Xom's mischief]
  4939 | D:3      | XOM: cloud trail
  4992 | D:4      | XOM: potion effect (brilliance)
  5030 | D:4      | Noticed Robin
  5057 | D:4      | XOM: summons friendly white imp
  5062 | D:4      | XOM: divination: detect creatures
  5067 | D:4      | XOM: enchant monster (good)
  5068 | D:4      | XOM: confusion (+ monsters)
  5171 | D:3      | XOM: harmless Chrm miscast
  5230 | D:3      | XOM: god gift: potion of heal wounds
  5462 | D:4      | XOM: fog
  5485 | D:4      | XOM: enchant monster (good)
  5522 | D:4      | Reached skill level 6 in Dodging
  5589 | D:4      | XOM: medium Chrm miscast
  5781 | D:4      | Killed Robin
  5888 | D:4      | XOM: noise
  6145 | D:4      | XOM: stat loss: -1 Int (14/15)
  6223 | D:4      | Reached XP level 8. HP: 26/48 MP: 8/8
  6422 | D:5      | Found Jeiniut's Antique Weapon Shop.
  6439 | D:5      | XOM: summons 2 hostile shadow creatures
  6453 | D:5      | XOM: 1-stop teleportation journey
  6665 | D:5      | Found a stormy altar of Qazlal.
  6948 | D:5      | XOM: smoke on damage
  7068 | D:4      | XOM: give mutation
  7068 | D:4      | Gained mutation: You are weak. (Str -2) [Xom's mischief]
  7589 | D:5      | Reached skill level 7 in Dodging
  7715 | D:5      | Found a shadowy altar of Dithmenos.
  7769 | D:6      | XOM: noise
  7968 | D:6      | XOM: give mutation
  7968 | D:6      | Gained mutation: You are clumsy. (Dex -2) [Xom's mischief]
  7981 | D:6      | XOM: harmless Fire miscast
  7989 | D:6      | XOM: confusion
  7993 | D:6      | XOM: medium Chrm miscast
  8056 | D:5      | XOM: mild Hex miscast
  8219 | D:6      | XOM: harmless Hex miscast
  8233 | D:6      | XOM: polymorph centaur -> big kobold
  8238 | D:6      | XOM: summons 2 hostile shadow creatures
  8384 | D:6      | Reached skill level 8 in Dodging
  8632 | D:6      | Reached XP level 9. HP: 39/52 MP: 9/9
  8643 | D:6      | Found a staircase to the Ecumenical Temple.
  8653 | D:6      | XOM: summons friendly shadow imp
  8654 | D:6      | XOM: confuse monster(s)
  8956 | D:7      | XOM: 2-stop teleportation journey
  9084 | D:7      | XOM: scenery: create altars
  9119 | D:7      | Noticed Pikel
  9182 | D:7      | XOM: potion effect (haste)
  9194 | D:7      | XOM: divination: detect items
  9209 | D:7      | Killed Pikel
  9245 | D:7      | XOM: divination: detect creatures
  9280 | D:7      | Noticed Harold
  9294 | D:7      | Killed Harold
  9294 | D:7      | Reached skill level 5 in Fighting
  9294 | D:7      | Reached skill level 9 in Dodging
  9317 | D:7      | Reached XP level 10. HP: 38/59 MP: 10/10
  9514 | D:7      | XOM: potion effect (brilliance)
  9613 | D:7      | XOM: potion effect (haste)
  9709 | D:7      | Noticed Duvessa
  9716 | D:7      | Noticed Dowan
  9733 | D:7      | Killed Dowan
 10014 | D:7      | Killed Duvessa
 10147 | D:8      | XOM: potion effect (might)
 10401 | D:8      | XOM: cast spell 'Leda's Liquefaction'
 10412 | D:8      | Reached skill level 10 in Dodging
 10600 | D:8      | You fall through a shaft for 3 floors!
 10600 | D:11     | Noticed Urug
 10654 | D:11     | Noticed a cyclops
 10662 | D:11     | Found a staircase to the Lair.
 10670 | D:10     | Entered Level 10 of the Dungeon
 10670 | D:10     | Noticed a two-headed ogre
 10696 | D:10     | XOM: potion effect (invisibility)
 10835 | D:8      | Noticed a two-headed ogre
 10960 | D:8      | XOM: noise
 10965 | D:8      | XOM: mild Necr miscast
 11141 | D:8      | XOM: noise
 11150 | D:8      | Killed a two-headed ogre
 11247 | D:8      | XOM: noise
 11367 | D:8      | XOM: harmless Erth miscast
 11403 | D:9      | XOM: summons 2 hostile shadow creatures
 11668 | D:9      | XOM: smoke on damage
 11728 | D:9      | Found Cawustur's Armour Boutique.
 11743 | D:9      | Reached skill level 10 in Polearms
 11743 | D:9      | XOM: harmless Ice miscast
 12067 | D:9      | XOM: swap monsters
 12214 | D:9      | XOM: harmless Fire miscast
 12364 | D:10     | Reached XP level 11. HP: 48/64 MP: 11/11
 12415 | D:10     | Reached skill level 5 in Shields
 12458 | D:10     | XOM: blink monster(s)
 12459 | D:10     | XOM: harmless Summ miscast
 12471 | D:10     | XOM: destruction
 12475 | D:10     | XOM: harmless Ice miscast
 12489 | D:10     | XOM: harmless Ice miscast
 12491 | D:10     | XOM: chaos cloud
 12494 | D:10     | XOM: fog
 12501 | D:10     | Noticed an ettin
 12501 | D:10     | a two-headed ogre changed into an ettin
 12501 | D:10     | XOM: polymorph two-headed ogre -> ettin
 12511 | D:10     | Noticed a spark wasp
 12511 | D:10     | an ettin changed into a spark wasp
 12511 | D:10     | XOM: polymorph ettin -> spark wasp
 12595 | D:10     | Noticed a two-headed ogre
 12609 | D:9      | XOM: enchant monster (bad)
 12610 | D:9      | XOM: mild Ice miscast
 12624 | D:9      | XOM: summons 4 friendly demons
 12634 | D:9      | Killed a two-headed ogre
 12634 | D:9      | Reached skill level 11 in Dodging
 12715 | D:10     | XOM: god gift: wand of scattershot (7)
 12751 | D:10     | XOM: butterfly on damage
 12752 | D:10     | Slain by a spark wasp

Vault maps used:
D:1:      tarquinn_simple_flora_water_b
D:2:      chequers_temple_overflow_minitemple, minmay_misc_feat_room,
          minmay_hexomino_r4
D:3:      gup_sewer_entry_bowl, first_ration, uniq_terence, uniq_purgy
D:4:      grunt_temple_overflow_open, serial_undead, serial_undead_f,
          serial_undead_d, serial_undead_c, serial_undead_a, serial_undead_d,
          serial_undead_e, serial_undead_c, serial_undead_c, uniq_robin
D:5:      lemuel_crystal_altar, serial_shops, shop,
          chequers_serial_rivers_micro_c,
          nicolae_dithmenos_through_a_glass_darkly
D:6:      minmay_temple_entry_ruins, serial_column_ruins, column_ruins_grid_3,
          column_ruins_open_tiny, column_ruins_open_tiny
D:7:      kennysheep_six_static_rooms, uniq_harold, uniq_pikel, uniq_duvessa
D:9:      serial_shops, shop, minmay_holes
D:10:     basic_altar
D:11:     david_lair_shrubbed, hangedman_ranch, uniq_urug
Sewer:    sewer_co_scattered_pipes

Skill      XL: |  1  2  3  4  5  6  7  8  9 10 11 |
---------------+----------------------------------+-----
Polearms       | 4 5 7 8 10 | 10.4
Stealth        | 2 3 4 |  4.1
Dodging        | 3 5 6 8 9 10 11 | 11.1
Fighting       | 4 5 6 |  6.0
Shields        | 3 4 5 |  5.4

Action                   |  1- 3 |  4- 6 |  7- 9 | 10-12 || total
-------------------------+-------+-------+-------+-------++-------
Melee: Spear             |   102 |   284 |   404 |   377 ||  1167
       Constrict         |    17 |    35 |    53 |    45 ||   150
       Tentacles         |     9 |    48 |    68 |    80 ||   205
Evoke: Wand              |       |       |       |     3 ||     3
  Use: Scroll            |       |    10 |     8 |    10 ||    28
       Potion            |       |     2 |     5 |     2 ||     9
 Stab: Sleeping          |     3 |    12 |     6 |    23 ||    44
       Paralysed         |     1 |     2 |    11 |     2 ||    16
       Confused          |     1 |       |     5 |     3 ||     9
       Petrified         |       |     6 |    10 |       ||    16
       Petrifying        |       |       |     1 |     1 ||     2
       Invisible         |       |       |       |     1 ||     1
  Eat: Chunk             |     2 |     8 |     7 |    11 ||    28
       Ration            |       |     1 |     2 |       ||     3
Armor: Skin              |     6 |    15 |    31 |     7 ||    59
Dodge: Dodged            |    41 |   103 |   266 |   127 ||   537
Block: Buckler           |       |       |     6 |    17 ||    23
       Large shield      |       |       |       |    60 ||    60

Table legend:
 A = Non-vault XP
 B = Vault XP
 C = Vault XP percentage of total XP
 D = Non-vault monster count
 E = Vault monster count
 F = Vault count percentage of total count
                 A         B        C        D         E       F
            +---------+---------+-------+---------+---------+-------
      Total |    8207 |    2596 |  24.0 |     200 |      70 |  25.9
            +---------+---------+-------+---------+---------+-------
        D:1 |      25 |       0 |   0.0 |      16 |       0 |   0.0
        D:2 |     132 |       6 |   4.3 |      30 |       4 |  11.8
        D:3 |      53 |     187 |  77.9 |      13 |       5 |  27.8
        D:4 |     267 |     288 |  51.9 |      12 |      26 |  68.4
        D:5 |     495 |       0 |   0.0 |      10 |       0 |   0.0
        D:6 |    1057 |       0 |   0.0 |      26 |       0 |   0.0
        D:7 |    1106 |    2007 |  64.5 |      25 |      10 |  28.6
        D:8 |    1692 |       0 |   0.0 |      22 |       0 |   0.0
        D:9 |    2487 |       0 |   0.0 |      33 |       0 |   0.0
       D:10 |     890 |       0 |   0.0 |      12 |       0 |   0.0
       D:11 |       3 |       0 |   0.0 |       1 |       0 |   0.0
      Sewer |       0 |     108 | 100.0 |       0 |      25 | 100.0
            +---------+---------+-------+---------+---------+-------
